[Event "*** Titled Tuesday Blitz"]
[Site "Chess.com"]
[Date "2020.05.12"]
[Round "7"]
[White "Moon_stone123"]
[Black "dopolian"]
[Result "1-0"]
[WhiteElo "2508"]
[BlackElo "2317"]
[TimeControl "180+1"]
[EndTime "11:16:40 PDT"]
[Termination "Moon_stone123 won by resignation"]

1. Nf3 Nf6 2. g3 b6 3. Bg2 Bb7 4. O-O e6 5. c4 Be7 6. Nc3 O-O 7.
d4 c5 8. d5 exd5 9. Nh4 d6 10.
cxd5 Bc8 11. e4 Ng4 12. Nf3 Bf6 13. Bf4 g5 14. Bd2 Nd7 15. h3 Nge5 16. Nxe5 Nxe5 17. Qe2 Ng6 18. Rae1 a6 19. a4 Bd7 20. Qh5 b5 21. axb5 axb5 22. Kh1 b4 23. Nd1 Ra1 24. f4 gxf4 25.
gxf4 Bh4 26. Re3 f5 27. Rg1 Ba4 28. b3 Bd7 29. e5 Qe7 30. Bf3 Be8 31. exd6 Qg7 32.
Kh2 Bf6 33. Qxf5 Bf7 34. Bh5 Bd4 35. Reg3 Qf6 36. Qxf6 Bxf6 37. Bf3 Kh8 38. Be3 Nh4 39. Bxc5 Nxf3+ 40. Rxf3 Bxd5 41. Rd3 Be4 42. Rd2 Bc3 43. Nxc3 bxc3 44. Bd4+ 1-0

[Event "*** Titled Tuesday Blitz"]
[Site "Chess.com"]
[Date "2020.05.12"]
[Round "7"]
[White "manmanlai1"]
[Black "Slovak_fighter2000"]
[Result "0-1"]
[WhiteElo "2330"]
[BlackElo "2531"]
[TimeControl "180+1"]
[EndTime "11:16:40 PDT"]
[Termination "Slovak_fighter2000 won by resignation"]

1. e4 e6 2. d4 d5 3. Nd2 a6 4. exd5 exd5 5. Bd3 c5 6. c3 Nf6 7. Ne2 Bd6 8. h3 O-O 9. O-O Nc6 10. Nf3 Ne4 11.
dxc5 Bxc5 12. Qc2 Re8 13. Ned4 Qf6 14. Be3 Bd6 15. Rfe1 Bd7 16. Rad1 Rad8 17. Bf1 Ne5 18. Nxe5 Qxe5 19. Nf3 Qh5 20. Nh2 Be6 21. Qc1 Qe5 22. Nf3 Qh5 23. Nh2 Qg6 24. Kh1 Qf5 25. Nf3 h6 26.
Bd3 Qh5 27. Ng1 b5 28. a3 Qe5 29. Nf3 Qf6 30. Bd4 Qf5 31. Kg1 Bf4 32. Be3 Bb8 33. Nd4 Qe5 34. Nf3 Qh5 35. Nh2 Bxh3 36. gxh3 Qxh3 37.
Nf1 Re6 38. Bxe4 Rxe4 39. f3 Qxf3 40. Nh2 Bxh2+ 0-1

[Event "*** Titled Tuesday Blitz"]
[Site "Chess.com"]
[Date "2020.05.12"]
[Round "7"]
[White "anon102030"]
[Black "AnishGiri"]
[Result "0-1"]
[WhiteElo "2744"]
[BlackElo "3029"]
[TimeControl "180+1"]
[EndTime "11:16:41 PDT"]
[Termination "AnishGiri won by checkmate"]

1. e4 c5 2. Nc3 d6 3. g3 Nf6 4. Bg2 Nc6 5. d3 e6 6. f4 Be7 7. Nf3 O-O 8. O-O Rb8 9. h3 b5 10. g4 b4 11. Ne2 a5 12. Ng3 a4 13. g5 Ne8 14. f5 d5 15. Qe2 dxe4 16. dxe4 exf5 17. exf5 Bd6 18. Nh5 Bxf5 19. Be3 Bg6 20. Nh4 Nd4 21. Bxd4 cxd4 22. Qg4 Rb5 23. Nf3 Bxc2 24.
Nxd4 Rxg5 25. Qe2 Bc5 26. Qxc2 Bxd4+ 27. Kh1 Rxh5 28. Rad1 Rh4 29. Qxa4 Qb6 30. Rd3 Nf6 31. Rf5 g6 32. Rb5 Qc7 33. Rxb4 Re8 34. Qd1 Bf2 35.
Rb7 Qc5 36. b4 Qg5 37. Rd8 Rxd8 38. Qxd8+ Kg7 39. Qe7 Rxh3+ 40. Bxh3 Qg1# 0-1

[Event "*** Titled Tuesday Blitz"]
[Site "Chess.com"]
[Date "2020.05.12"]
[Round "7"]
[White "Sychev_Klementy"]
[Black "bascheyaro"]
[Result "1-0"]
[WhiteElo "2864"]
[BlackElo "2707"]
[TimeControl "180+1"]
[EndTime "11:16:41 PDT"]
[Termination "Sychev_Klementy won by resignation"]

1. e4 e6 2. d4 d5 3. Nc3 Bb4 4. e5 Ne7 5. a3 Bxc3+ 6. bxc3 b6 7. Qg4 Kf8 8. h4 Ba6 9. Bxa6 Nxa6 10. h5 h6 11. Qe2 Nb8 12. a4 c5 13. g4 Nbc6 14. Be3 cxd4 15. cxd4 Rc8 16. c3 Na5 17. Qd3 Rc4 18. f4 Qd7 19. Qc2 Qc6 20. Ne2 Ke8 21.
f5 Kd7 22. O-O exf5 23. gxf5 Kc8 24. Bd2 Qd7 25. Ng3 Kb7 26. Qd1 f6 27. Qe2 fxe5 28.
dxe5 Rf8 29. Qd3 Nb3 30. Rad1 Nc5 31. Qf3 Ne4 32. e6 Qc6 33. Be1 Ka6 34. Nxe4 dxe4 35.
Qe2 Rxf5 36. Rxf5 Nxf5 37. e7 b5 38. axb5+ Kxb5 39. Rb1+ Ka6 40. e8=Q Qc5+ 41. Bf2 e3 42. Qa2+ Ra4 43. Qaxa4+ 1-0

[Event "*** Titled Tuesday Blitz"]
[Site "Chess.com"]
[Date "2020.05.12"]
[Round "7"]
[White "slowdgehammer"]
[Black "ZverevLev"]
[Result "1-0"]
[WhiteElo "2381"]
[BlackElo "2114"]
[TimeControl "180+1"]
[EndTime "11:16:42 PDT"]
[Termination "slowdgehammer won by resignation"]

1. e4 e5 2. Bc4 c6 3. Nf3 d5 4. Bb3 Bd6 5. Nc3 d4 6. Ne2 Na6 7. d3 Nc5 8. Ng3 Nxb3 9. axb3 f6 10. O-O Be6 11. c3 c5 12. b4 b6 13. bxc5 bxc5 14.
c4 Qd7 15. Bd2 Ne7 16. Qa4 h5 17. Ra2 g5 18. Rfa1 h4 19. Nf1 g4 20. Ne1 Nc6 21. Nc2 a5 22. Na3 Ke7 23. Nb5 Rag8 24. Bxa5 g3 25.
Be1 Bh3 26. Nxd6 Kxd6 27. fxg3 Bxg2 28. Kxg2 hxg3 29. Bxg3 Qh3+ 30. Kf2 f5 31. exf5 Qxf5+ 32. Ke2 Rf8 33. Nd2 Qg4+ 34. Ke1 Rh3 35. Ne4+ 1-0

[Event "*** Titled Tuesday Blitz"]
[Site "Chess.com"]
[Date "2020.05.12"]
[Round "7"]
[White "Harut-1998"]
[Black "Oleksandr_Bortnyk"]
[Result "0-1"]
[WhiteElo "2768"]
[BlackElo "2987"]
[TimeControl "180+1"]
[EndTime "11:16:43 PDT"]
[Termination "Oleksandr_Bortnyk won by resignation"]

1. d4 d6 2. Nf3 Nf6 3. g3 g6 4.
Bg2 Bg7 5. O-O O-O 6. c4 Bf5 7. Nc3 Ne4 8. Bd2 c6 9. Nh4 Nxd2 10. Qxd2 Bc8 11. f4 e5 12. e3 exd4 13. exd4 Qb6 14. Rad1 Bg4 15. Bf3 Bxf3 16. Nxf3 Nd7 17. Kg2 Rae8 18.
Rfe1 Nf6 19. h3 h5 20. Rxe8 Rxe8 21. Re1 Rxe1 22. Nxe1 Qb4 23. b3 Nd7 24. Nc2 Qa5 25.
a4 c5 26. Ne4 Qxd2+ 27. Nxd2 cxd4 28. Kf3 Nc5 29. Nb4 a5 30. Nd5 Kf8 31. g4 hxg4+ 32.
hxg4 f5 33. g5 Kf7 34. Nb6 Ke6 35. Nd5 Kd7 36. Nb6+ Ke6 37. Nd5 d3 38. Ke3 Bb2 39.
Nf3 Bc1+ 40. Kf2 Nxb3 41. Nh4 Kf7 42. Nf3 Nc5 0-1

[Event "*** Titled Tuesday Blitz"]
[Site "Chess.com"]
[Date "2020.05.12"]
[Round "7"]
[White "Duong57"]
[Black "Flawless_Fighter"]
[Result "0-1"]
[WhiteElo "2264"]
[BlackElo "2479"]
[TimeControl "180+1"]
[EndTime "11:16:43 PDT"]
[Termination "Flawless_Fighter won by resignation"]

1. d4 Nf6 2. c4 e6 3. Nc3 Bb4 4. Qc2 d5 5. cxd5 exd5 6. Bg5 O-O 7. e3 Re8 8. Bd3 h6 9. Bh4 c5 10. Ne2 c4 11. Bf5 Bxf5 12. Qxf5 Qd7 13. Qxd7 Nbxd7 14. O-O g5 15. Bg3 Rac8 16. h3 Re6 17. Rfc1 a6 18. a4 Ba5 19. Rc2 Kg7 20. h4 Rb6 21. f3 Re6 22. Kf2 Rce8 23. hxg5 hxg5 24. Be5 Nxe5 25. dxe5 Rxe5 26. Nd4 Kg6 27. g4 Bb6 28. Nf5 Bxe3+ 29. Kg2 Bf4 30. Rh1 Rxf5 31. gxf5+ Kxf5 32. Rd1 Be3 33. Nxd5 Nh5 34. Nxe3+ Rxe3 35. Kf2 Rb3 36.
Rd5+ Kg6 37. Rd6+ f6 38. Rd4 b5 39. axb5 axb5 40. Rdd2 Nf4 41. Rd4 Nd3+ 42. Ke2 Nxb2 43.
Rdd2 Nd3 44. Ra2 Nc1+ 45. Kf2 Nxa2 46. Rxa2 c3 47. Ke1 Rb1+ 0-1

[Event "*** Titled Tuesday Blitz"]
[Site "Chess.com"]
[Date "2020.05.12"]
[Round "7"]
[White "katchesskat"]
[Black "Chessmatus"]
[Result "0-1"]
[WhiteElo "2256"]
[BlackElo "2470"]
[TimeControl "180+1"]
[EndTime "11:16:43 PDT"]
[Termination "Chessmatus won on time"]

1. c4 Nf6 2. e3 e5 3. a3 d5 4. cxd5 Nxd5 5. Qc2 Bd6 6. Nf3 O-O 7. b4 Qe7 8. d3 Nc6 9. Bb2 a6 10. Nbd2 f5 11.
Be2 Kh8 12. O-O Be6 13. Rfe1 Rad8 14. Rac1 Nb6 15. Nc4 Nxc4 16. dxc4 e4 17. Nd4 Nxd4 18. Bxd4 c5 19. bxc5 Bxc5 20. Bxc5 Qxc5 21. Rb1 b5 22.
Rec1 Rc8 23. Rb4 Rfd8 24. Qb2 bxc4 25. Qc3 Rd7 26. h4 Rdc7 27. h5 h6 28. Rd1 Kh7 29. g3 Rc6 30. Rb7 R6c7 31. Rxc7 Rxc7 32. Rd8 Qb6 33. Kg2 Qc6 34. Rb8 Rd7 35. Qb4 Qd6 36.
Qb2 Qd2 0-1

[Event "*** Titled Tuesday Blitz"]
[Site "Chess.com"]
[Date "2020.05.12"]
[Round "7"]
[White "talaicito"]
[Black "ZEN-22"]
[Result "0-1"]
[WhiteElo "2238"]
[BlackElo "2424"]
[TimeControl "180+1"]
[EndTime "11:16:43 PDT"]
[Termination "ZEN-22 won by resignation"]

1. d4 e5 2. dxe5 Nc6 3. Nf3 f6 4. e6 d5 5. b3 Bxe6 6. Bb2 Bc5 7.
e3 Nh6 8. Be2 O-O 9. O-O Nf5 10. Nd4 Ncxd4 11. exd4 Bd6 12. Ba3 c6 13. Bxd6 Qxd6 14. Nd2 Nxd4 15. Bd3 Bf5 16. Nf3 Bg4 17. Bxh7+ Kxh7 18. Qxd4 Bxf3 19. gxf3 Rh8 20. Qh4+ Kg8 21. Qg3 Rd8 22. Rfe1 Kf7 23. Re2 Rh5 24. Qxd6 Rxd6 25. Rae1 Rg5+ 26. Kh1 Rd7 27. Re8 Rf5 28. Kg2 d4 29. a4 Rc5 30. R8e2 a6 31. f4 b5 32. axb5 axb5 33. Rd1 Rc3 34. Red2 c5 35. b4 cxb4 36.
Rxd4 Rxd4 37. Rxd4 Rxc2 38. Rxb4 Rc5 39. Kf3 f5 40.
Ke3 Rd5 41. Rb2 Ke6 42. h4 g6 43. f3 Kd7 44. Rg2 Rd6 45. Rb2 Kc6 46. Rc2+ Kb6 47.
Rb2 Ka5 48. Ra2+ Kb4 49. Rb2+ Kc4 50. Rc2+ Kb3 51. Rc5 b4 52. h5 gxh5 53. Rxf5 Rh6 54. Kf2 h4 55. Kg2 Kc2 56. Rc5+ Kd3 57. Kh3 b3 58.
Rb5 Kc3 59. f5 b2 60. f6 Rxf6 61. Kxh4 Rf4+ 62. Kg3 Rb4 63. Rc5+ Kb3 0-1

[Event "*** Titled Tuesday Blitz"]
[Site "Chess.com"]
[Date "2020.05.12"]
[Round "7"]
[White "csati17"]
[Black "Y0ung_Capablanca"]
[Result "0-1"]
[WhiteElo "2535"]
[BlackElo "2703"]
[TimeControl "180+1"]
[EndTime "11:16:44 PDT"]
[Termination "Y0ung_Capablanca won by checkmate"]

1. c4 Nf6 2. Nc3 e5 3. g3 Bb4 4.
Bg2 O-O 5. Nf3 Re8 6. O-O Nc6 7. Nd5 d6 8. Nxb4 Nxb4 9. d3 e4 10. dxe4 Nxe4 11. Nd4 Qf6 12. a3 Nc6 13. Be3 Bd7 14. Nxc6 Bxc6 15. Bd4 Qe6 16. Qc2 a5 17. b4 b6 18. f3 Nf6 19. e4 Nd7 20. Rfc1 Ne5 21. c5 dxc5 22. bxc5 b5 23. Qc3 f6 24. Bf1 Red8 25.
Bf2 b4 26. axb4 axb4 27. Rxa8 Rxa8 28. Bc4 Nxc4 29. Qxc4 Qxc4 30. Rxc4 Ra1+ 31. Kg2 Bb5 32. Rxb4 Bf1+ 33. Kg1 Bh3+ 34. Be1 Rxe1+ 35. Kf2 Rc1 36.
g4 h5 37. Rb8+ Kf7 38. Kg3 hxg4 39. fxg4 Bf1 40. h4 Rxc5 41. h5 Be2 42. Rb3 Rc4 43. Re3 Bd1 44. Kh4 Bc2 45. e5 f5 46.
Kg5 Rxg4# 0-1

[Event "*** Titled Tuesday Blitz"]
[Site "Chess.com"]
[Date "2020.05.12"]
[Round "7"]
[White "adriangschnitzer"]
[Black "isla88"]
[Result "0-1"]
[WhiteElo "2486"]
[BlackElo "2315"]
[TimeControl "180+1"]
[EndTime "11:16:44 PDT"]
[Termination "isla88 won by resignation"]

1. e4 c5 2. Nf3 Nc6 3. d4 cxd4 4. Nxd4 e5 5. Nb5 d6 6. N1c3 a6 7. Na3 Be7 8. Nc4 b5 9. Ne3 Nf6 10. g3 h5 11. h4 Nd4 12. Bg2 b4 13. Ncd5 Nxd5 14. Nxd5 Bg4 15. f3 Be6 16. Be3 Bxd5 17. exd5 Rc8 18. Bxd4 exd4 19. Qxd4 Rxc2 20. O-O O-O 21.
Qxb4 Bf6 22. Rf2 Bxb2 23. Rxc2 Bxa1 24. Rc6 Qe7 25. Qe4 Qa7+ 26. Kh2 Qf2 27. Rxa6 Bd4 28.
Rxd6 Rb8 29. Rd7 Bc5 30. d6 Qxa2 31. Qf5 Bd4 32. Rc7 g6 33. Rc8+ Kg7 34. Qd7 Rb2 35.
Qh3 Qa1 36. g4 Be5+ 37. Qg3 Bxg3+ 38. Kxg3 Qe1+ 0-1

[Event "*** Titled Tuesday Blitz"]
[Site "Chess.com"]
[Date "2020.05.12"]
[Round "7"]
[White "przemekpiotrowski"]
[Black "Buffy7"]
[Result "1-0"]
[WhiteElo "2441"]
[BlackElo "2660"]
[TimeControl "180+1"]
[EndTime "11:16:45 PDT"]
[Termination "przemekpiotrowski won by resignation"]

1. d4 Nf6 2. Nf3 g6 3. g3 Bg7 4.
Bg2 O-O 5. O-O d5 6. c4 dxc4 7.
Na3 c3 8. bxc3 c5 9. e3 Nc6 10. Bb2 Nd5 11. Qe2 Qa5 12. e4 Nb6 13. d5 Ne5 14.
Nxe5 Bxe5 15. f4 Bxc3 16. Bxc3 Qxc3 17. Nb5 Qa5 18. Rfc1 c4 19. a4 a6 20. Na3 Qc5+ 21.
Qf2 Qxf2+ 22. Kxf2 Nxa4 23. Rxc4 b5 24. Rc7 b4 25.
Nc4 Nc3 26. Na5 Rd8 27. Nc6 Rd7 28. Nxe7+ Kf8 29. Rxc8+ Rxc8 30. Nxc8 b3 31. Nb6 Rb7 32. Nc4 b2 33. Nxb2 Rxb2+ 34. Kf1 Na2 35. e5 a5 36. d6 Rd2 37. Bc6 Nb4 38. Bb5 Nc2 39. Rxa5 Ne3+ 40. Ke1 Rxh2 41. Ra8+ Kg7 42. d7 Nc2+ 43.
Kf1 Ne3+ 44. Kg1 Rg2+ 45. Kh1 Rxg3 46. d8=Q Nf1 1-0

[Event "*** Titled Tuesday Blitz"]
[Site "Chess.com"]
[Date "2020.05.12"]
[Round "7"]
[White "PavelShkapenko"]
[Black "kingofthenil"]
[Result "1-0"]
[WhiteElo "2642"]
[BlackElo "2469"]
[TimeControl "180+1"]
[EndTime "11:16:46 PDT"]
[Termination "PavelShkapenko won on time"]

1. e4 Nc6 2. Nf3 d5 3. exd5 Qxd5 4. d4 Bg4 5. Be2 O-O-O 6. Be3 e5 7. dxe5 Qxd1+ 8.
Bxd1 Nxe5 9. Nbd2 Nxf3+ 10. Bxf3 Bxf3 11. Nxf3 Nf6 12. Ne5 Bb4+ 13. c3 Rhe8 14. Nxf7 Rd7 15. cxb4 Rxf7 16. O-O Nd5 17. Bd2 Re2 18. Rad1 Rd7 19.
Rfe1 Rxe1+ 20. Rxe1 b5 21. g3 Kb7 22. Kg2 a6 23. h4 Nb6 24. Bc3 Na4 25. Re2 c5 26.
bxc5 Nxc3 27. bxc3 Kc6 28. Re6+ Kxc5 29. Rxa6 Rc7 30.
Ra3 Kc4 31. Kf3 Rf7+ 32. Ke2 Re7+ 33. Kd2 Rd7+ 34. Ke2 Rf7 35. f4 Re7+ 36. Kf3 Rd7 37. Ke4 h5 38. Kf5 Rd5+ 39. Kg6 Rd7 40. Kxh5 Rd3 41.
g4 1-0

[Event "*** Titled Tuesday Blitz"]
[Site "Chess.com"]
[Date "2020.05.12"]
[Round "7"]
[White "salomez"]
[Black "profofchess"]
[Result "0-1"]
[WhiteElo "2244"]
[BlackElo "2425"]
[TimeControl "180+1"]
[EndTime "11:16:46 PDT"]
[Termination "profofchess won on time"]

1. e4 e6 2. d4 d5 3. Nc3 Bb4 4. e5 c5 5. a3 Bxc3+ 6. bxc3 Ne7 7. Qg4 cxd4 8. Qxg7 Rg8 9. Qxh7 Nbc6 10. Nf3 Qc7 11. Bf4 Bd7 12. Bd3 dxc3 13. O-O O-O-O 14. Bg3 Rdf8 15. Rab1 Qa5 16. Rb3 b6 17. Bb5 Nf5 18. Qh5 a6 19. Bxc6 Bxc6 20. Rfb1 b5 21. Ng5 d4 22. Nxf7 Bd5 23. Nd6+ Nxd6 24. exd6 Bxb3 25. Qc5+ Kb7 26. Rxb3 d3 27. Qxc3 dxc2 28. h3 Qxc3 29. Rxc3 Rc8 30. Rxc8 Rxc8 31. Bf4 Rc4 32. Bc1 Rd4 33.
Kh2 Rd1 0-1

[Event "*** Titled Tuesday Blitz"]
[Site "Chess.com"]
[Date "2020.05.12"]
[Round "7"]
[White "nonsopolo1"]
[Black "dolynachess"]
[Result "1-0"]
[WhiteElo "2202"]
[BlackElo "2353"]
[TimeControl "180+1"]
[EndTime "11:16:46 PDT"]
[Termination "nonsopolo1 won by resignation"]

1. e4 c5 2. Nf3 d6 3. d4 cxd4 4. Nxd4 Nf6 5. Nc3 a6 6. Bg5 e6 7.
f4 Nbd7 8. Qf3 Qc7 9. O-O-O b5 10. e5 Bb7 11. Qh3 dxe5 12. Nxe6 fxe6 13. Qxe6+ Be7 14. Bxb5 axb5 15. Nxb5 Qc6 16. Nd6+ Kd8 17. fxe5 Nd5 18. Bxe7+ Nxe7 19. Nxb7+ Qxb7 20. Rxd7+ Qxd7 21. Rd1 Ra7 22. Qb6+ Ke8 23. Rxd7 Rxd7 24. e6 Rd8 25. a4 h5 26.
a5 Nd5 27. Qb7 Rf8 28. a6 Nb6 29. b3 Na8 30. Kb2 Rf6 31. e7 Rd7 32. Qxa8+ Kxe7 33. a7 Ra6 34. Qe4+ 1-0

[Event "*** Titled Tuesday Blitz"]
[Site "Chess.com"]
[Date "2020.05.12"]
[Round "7"]
[White "MisiekZielony"]
[Black "shav3184"]
[Result "0-1"]
[WhiteElo "2119"]
[BlackElo "2340"]
[TimeControl "180+1"]
[EndTime "11:16:46 PDT"]
[Termination "shav3184 won on time"]

1. c4 Nf6 2. Nc3 e6 3. e4 d5 4. cxd5 exd5 5. e5 Ne4 6. Nf3 Nc6 7. Bb5 Bc5 8. O-O O-O 9. d3 Nxc3 10. bxc3 d4 11. Bg5 Qd5 12. c4 Qe6 13. Bxc6 Qxc6 14. Qd2 h6 15. Bh4 Bg4 16. Ne1 a5 17. f3 Bf5 18. g4 Bh7 19. f4 Bb4 20. Qe2 Rfe8 21. Nf3 Bc3 22. Rab1 h5 23. h3 hxg4 24. hxg4 Qg6 25.
Ng5 Qxd3 26. Qh2 Be4 27. Rbd1 Qc2 28. Nxe4 Qxe4 29. Qg2 Qxg2+ 30. Kxg2 c6 31. Rd3 b5 32. cxb5 cxb5 33. Rh1 b4 34. Rdh3 f6 35. exf6 Re2+ 36. Bf2 Kf7 37. g5 gxf6 38. Rh7+ Ke6 39. R1h6 d3 40.
Rxf6+ Bxf6 0-1

[Event "*** Titled Tuesday Blitz"]
[Site "Chess.com"]
[Date "2020.05.12"]
[Round "7"]
[White "NefeLV"]
[Black "Bubachess1608"]
[Result "0-1"]
[WhiteElo "1806"]
[BlackElo "2305"]
[TimeControl "180+1"]
[EndTime "11:16:46 PDT"]
[Termination "Bubachess1608 won by checkmate"]

1. e4 c5 2. Nf3 e6 3. d4 cxd4 4.
Nxd4 a6 5. a4 Nf6 6. Nc3 Bb4 7. Bd2 Bxc3 8. Bxc3 Nxe4 9. Qf3 Nxc3 10. Qxc3 d5 11. Be2 Bd7 12. O-O O-O 13. Qg3 Nc6 14. Nf3 Qb8 15. Qh4 Qd8 16. Qh5 g6 17.
Qh6 Qf6 18. Ng5 Qg7 19. Qh4 f6 20. Nf3 e5 21. c3 Be6 22. b4 Rfd8 23. b5 axb5 24.
axb5 Na5 25. Ra3 b6 26. Rfa1 Rac8 27. Nd2 d4 28. Ne4 g5 29. Qg3 Bf5 30. f3 dxc3 31.
Nxc3 Qd7 32. Na4 Qd4+ 33. Qf2 Rc2 34. Qxd4 exd4 35. Nxb6 Rxe2 36. Rxa5 d3 37. Nc4 d2 38. Nxd2 Rdxd2 39. b6 Rxg2+ 40. Kf1 Bd3+ 41. Ke1 Rde2+ 42.
Kd1 Rg1# 0-1

[Event "*** Titled Tuesday Blitz"]
[Site "Chess.com"]
[Date "2020.05.12"]
[Round "7"]
[White "Fy_Rakotomaharo"]
[Black "gross-aleks"]
[Result "1-0"]
[WhiteElo "2658"]
[BlackElo "2489"]
[TimeControl "180+1"]
[EndTime "11:16:47 PDT"]
[Termination "Fy_Rakotomaharo won by resignation"]

1. e4 c6 2. Nf3 d5 3. d3 dxe4 4.
dxe4 Qxd1+ 5. Kxd1 f6 6. e5 Nd7 7. Bc4 Nb6 8. Bb3 Bg4 9. Ke2 fxe5 10. h3 Bxf3+ 11. Kxf3 Nf6 12. Nc3 Nbd5 13. Bd2 e6 14. Rhe1 Bd6 15. g4 Rf8 16. Kg2 Kd7 17. Rad1 Rae8 18. Ne4 Nxe4 19. Rxe4 Kc7 20. Rde1 h5 21. gxh5 Rf5 22. Rg4 Re7 23. h6 gxh6 24. Bxh6 Ref7 25. Re2 b5 26. c4 Nf4+ 27. Bxf4 exf4 28. Kf3 b4 29.
Rxe6 R7f6 30. Rxf6 Rxf6 31. h4 Kb6 32. h5 Rf5 33. Rh4 Be7 34. Rh1 Bf6 35. Bc2 Rc5 36.
b3 Bd4 37. h6 Bh8 38. Kxf4 Re5 39. Be4 Re7 40. Rg1 Kc5 41. Rg6 Bc3 42. Rxc6+ Kd4 43. Rd6+ Kc5 44. Rd5+ Kb6 45. c5+ 1-0

[Event "*** Titled Tuesday Blitz"]
[Site "Chess.com"]
[Date "2020.05.12"]
[Round "7"]
[White "Quattroporte300"]
[Black "Lunow"]
[Result "1-0"]
[WhiteElo "2331"]
[BlackElo "2083"]
[TimeControl "180+1"]
[EndTime "11:16:47 PDT"]
[Termination "Quattroporte300 won on time"]

1. e4 e5 2. Nf3 Nc6 3. Bb5 a6 4.
Ba4 Nf6 5. O-O Be7 6. d3 b5 7.
Bb3 d6 8. c3 O-O 9. Re1 Bb7 10.
Nbd2 Nb8 11. h3 Nbd7 12. Nf1 Re8 13. Ng3 h6 14. Nf5 Bf8 15. Be3 d5 16. exd5 Nxd5 17.
Bd2 Qf6 18. Ng3 Nf4 19. Ne4 Bxe4 20. dxe4 Nc5 21. Bxf4 Qxf4 22. Bc2 Rad8 23. Qe2 Rd6 24. Rad1 Rg6 25. Qe3 Qf6 26. Nh2 h5 27. Qf3 Qg5 28.
Kh1 Ne6 29. Rd7 Rf6 30. Qg3 Qh6 31. Bb3 Bc5 32. Nf3 Rg6 33. Qxe5 Bxf2 34. Red1 Bg3 35.
Qf5 Rf6 36. Qd5 Bd6 37. e5 1-0

[Event "*** Titled Tuesday Blitz"]
[Site "Chess.com"]
[Date "2020.05.12"]
[Round "7"]
[White "mbojan"]
[Black "RaunakSadhwani2005"]
[Result "1/2-1/2"]
[WhiteElo "2695"]
[BlackElo "2832"]
[TimeControl "180+1"]
[EndTime "11:16:48 PDT"]
[Termination "Game drawn by repetition"]

1. e4 c6 2. d3 d5 3. Nd2 e5 4.
Ngf3 Bd6 5. d4 exd4 6. exd5 Nf6 7. dxc6 Nxc6 8. Be2 O-O 9. O-O Bg4 10. h3 Bh5 11. Nb3 Re8 12. Nbxd4 Nxd4 13. Nxd4 Bxe2 14. Nxe2 Bh2+ 15.
Kxh2 Qxd1 16. Rxd1 Rxe2 17. Be3 Rxc2 18. Rab1 b6 19.
Rdc1 Rac8 20. Rxc2 Rxc2 21. Rd1 h5 22. Rd8+ Kh7 23.
Ra8 Rxb2 24. Rxa7 Kg6 25. Bd4 Rb4 26. Bc3 Rc4 27. Bxf6 Kxf6 28. Ra6 Rb4 29. a4 Ke5 30. a5 Ra4 31. Rxb6 Rxa5 32. Rb7 Kf6 33. Rb6+ Kg5 34. Rb7 Rf5 35. Rb2 h4 36. Rc2 Kh5 37.
Rb2 g5 38. Rc2 Ra5 39. Rb2 f5 40. Rc2 Rd5 41. Rb2 Rc5 42. Rd2 Rb5 43. Rc2 Rb3 44. Rd2 Rc3 45. Rb2 Rc5 46. Rd2 g4 47. hxg4+ fxg4 48. g3 h3 49. f3 gxf3 50. Kxh3 Kg5 51. Kh2 Rc4 52. Kg1 Kg4 53. Kf2 Ra4 54. Rc2 Re4 55. Rd2 Rb4 56. Rc2 Rd4 57. Rb2 Ra4 58. Rc2 Rd4 59.
Ra2 Rb4 60. Rc2 Rd4 1/2-1/2

[Event "*** Titled Tuesday Blitz"]
[Site "Chess.com"]
[Date "2020.05.12"]
[Round "7"]
[White "deep306"]
[Black "levallem"]
[Result "1-0"]
[WhiteElo "2603"]
[BlackElo "2162"]
[TimeControl "180+1"]
[EndTime "11:16:48 PDT"]
[Termination "deep306 won by resignation"]

1. e4 c5 2. Nf3 Nc6 3. Bb5 Nd4 4. Nxd4 cxd4 5. c3 Qb6 6. Bd3 g6 7. O-O Bg7 8. Qe2 d6 9. cxd4 Bxd4 10. Nc3 Bg7 11.
Bb5+ Bd7 12. Bxd7+ Kxd7 13. d3 Nf6 14. Be3 Qa6 15.
a4 Rac8 16. Nb5 b6 17. f4 Rc6 18. Bd4 Rhc8 19. e5 Rc2 20. Qf3 Ne8 21. Bc3 f5 22.
Rfe1 Rc5 23. d4 Rc6 24. Qd3 R2xc3 25. bxc3 d5 26. e6+ Rxe6 27. Rxe6 Kxe6 28. Re1+ Kd7 29.
Qe2 Bf6 30. Qe6+ Kd8 31. Qxd5+ Kc8 32. Qc6+ Kd8 33. Qa8+ Qc8 34. Qxc8+ Kxc8 35. Nxa7+ Kd7 36. Nb5 Bh4 37. g3 Bf6 38. Kf2 Kc6 39. Ke3 Kd5 40.
Kd3 e6 41. c4+ Kc6 42. Rxe6+ Kd7 43. d5 Bg7 44. Rxb6 1-0

[Event "*** Titled Tuesday Blitz"]
[Site "Chess.com"]
[Date "2020.05.12"]
[Round "7"]
[White "atwalcb"]
[Black "Soltan49"]
[Result "0-1"]
[WhiteElo "2292"]
[BlackElo "2462"]
[TimeControl "180+1"]
[EndTime "11:16:48 PDT"]
[Termination "Soltan49 won by checkmate"]

1. d4 Nf6 2. Bg5 e6 3. e4 h6 4. Bxf6 Qxf6 5. c3 d5 6. Bd3 dxe4 7. Bxe4 Nc6 8. Nf3 Bd7 9. O-O Bd6 10. Nbd2 O-O-O 11. Nc4 g5 12. b4 g4 13. Nfd2 Ne7 14. a4 Bc6 15. Bxc6 Nxc6 16. b5 Ne7 17. Nxd6+ cxd6 18. c4 Qxd4 19. Qc2 Kb8 20. Nb3 Qf4 21. a5 Rc8 22. Ra4 h5 23. Rfa1 Qe5 24. a6 b6 25.
Qd2 h4 26. Re1 Qf6 27. Qxd6+ Ka8 28. Qd7 Rb8 29. Rd1 h3 30. Qc7 Rhc8 31. Qg3 Qf5 32. Nd4 Rd8 33. Raa1 Qe4 34. Qe3 Qxg2# 0-1

[Event "*** Titled Tuesday Blitz"]
[Site "Chess.com"]
[Date "2020.05.12"]
[Round "7"]
[White "GianmarcoVaR"]
[Black "GrafLermontov"]
[Result "0-1"]
[WhiteElo "2531"]
[BlackElo "2387"]
[TimeControl "180+1"]
[EndTime "11:16:50 PDT"]
[Termination "GrafLermontov won by resignation"]

1. c4 c5 2. Nc3 Nc6 3. g3 g6 4.
Bg2 Bg7 5. d3 e5 6. Nf3 d6 7. O-O Nge7 8. Rb1 O-O 9. a3 a5 10. Ne1 Be6 11. Nd5 f5 12. Bg5 h6 13.
Bxe7 Nxe7 14. Nxe7+ Qxe7 15. Nc2 Rab8 16. b4 axb4 17.
axb4 b5 18. bxc5 bxc4 19. dxc4 Rxb1 20. Qxb1 Bxc4 21. Ne3 Be6 22. c6 e4 23. Rc1 Rc8 24. g4 d5 25. gxf5 gxf5 26. Bh3 f4 27. Bxe6+ Qxe6 28.
Ng2 f3 29. exf3 exf3 30. Ne3 d4 31. Qf5 Rxc6 32. Qxe6+ Rxe6 33. Nf5 d3 34. Nxg7 Kxg7 35.
Kf1 d2 36. Rd1 Re2 37. Ra1 Kg6 38. Ra6+ Kg5 39. Ra5+ Kg4 40. Ra4+ Kh3 41. Ra1 Kxh2 42. Rd1 Re1+ 43. Rxe1 dxe1=Q+ 44. Kxe1 Kg2 0-1

[Event "*** Titled Tuesday Blitz"]
[Site "Chess.com"]
[Date "2020.05.12"]
[Round "7"]
[White "ChessQueen"]
[Black "igorcadilhac"]
[Result "1-0"]
[WhiteElo "2611"]
[BlackElo "2341"]
[TimeControl "180+1"]
[EndTime "11:16:50 PDT"]
[Termination "ChessQueen won by resignation"]

1. Nf3 d5 2. g3 e6 3. Bg2 Nf6 4. O-O Be7 5. c4 O-O 6. b3 c5 7. Bb2 d4 8. b4 Nc6 9. b5 Nb8 10.
e3 dxe3 11. fxe3 Nbd7 12. d4 Qc7 13. Nbd2 Rd8 14. Qe2 Nb6 15. a4 Bd7 16. a5 Nc8 17. a6 bxa6 18. Rxa6 Rb8 19. Ne5 Be8 20. g4 Rb6 21.
Raa1 Bd6 22. Ndf3 Ne7 23. Bc3 Ng6 24. Ba5 Nxe5 25. dxe5 Bxe5 26. Nxe5 Qxe5 27. Bxb6 axb6 28. Rfd1 Rb8 29. Ra7 Ne4 30. Qd3 Nc3 31. Rc1 Rd8 32. Qxc3 Rd1+ 33. Bf1 Qd6 34. Ra8 Kf8 35. Rxd1 Qxd1 36.
h3 Qf3 37. Rd8 Qg3+ 38. Bg2 Ke7 39. Qd2 Kf6 40. Qf2+ Qxf2+ 41. Kxf2 Ke7 42. Rb8 Bxb5 43. cxb5 1-0

[Event "*** Titled Tuesday Blitz"]
[Site "Chess.com"]
[Date "2020.05.12"]
[Round "7"]
[White "Gromes7"]
[Black "Islamovqaasim"]
[Result "1-0"]
[WhiteElo "2133"]
[BlackElo "2300"]
[TimeControl "180+1"]
[EndTime "11:16:50 PDT"]
[Termination "Gromes7 won by checkmate"]

1. d4 Nf6 2. g3 e6 3. Bg2 Be7 4. Nf3 O-O 5. O-O c5 6. c4 cxd4 7. Qxd4 Nc6 8. Qf4 b6 9. Ne5 Bb7 10. Rd1 Qc7 11. Nxc6 d6 12. Nxe7+ Qxe7 13. Qxd6 Qxd6 14.
Rxd6 Bxg2 15. Kxg2 Ne4 16. Rd7 Rac8 17. Nd2 Nxd2 18.
Bxd2 Rxc4 19. Bc3 a5 20. Rad1 b5 21. Bxa5 Rc2 22. Bb4 Re8 23. Rd8 Rc8 24. Rxe8+ Rxe8 25. Rd7 h5 26. Rb7 Ra8 27. a3 Rc8 28. e3 Rc2 29. Bc3 g5 30. Rxb5 g4 31. Rxh5 f5 32. Rh8+ Kf7 33. Rb8 Rc1 34. a4 Rd1 35. Rb7+ Kg6 36. a5 Rd6 37. Rb6 Rd7 38. a6 Ra7 39. b4 Kg5 40. b5 e5 41. Bxe5 f4 42. exf4+ Kh5 43. Rb7 Ra8 44. a7 Kg6 45. Bb8 Kf5 46.
Rg7 Ke6 47. b6 Kf6 48. b7 Rxa7 49. Bxa7 Kxg7 50. Bd4+ Kg6 51. b8=Q Kf5 52. Qb1+ Ke6 53. Qe4+ Kd7 54. Qd5+ Kc7 55. Be5+ Kb6 56. Bd4+ Kc7 57. Qe6 Kb7 58. Bc5 Kc7 59. Qd6+ Kc8 60. Qe7 Kb8 61.
Bd4 Ka8 62. Qd7 Kb8 63. Kg1 Ka8 64. Qa7# 1-0